Workbook
Name Constr: '24836'!$A$7
Name Constr: '24844'!$A$1
Name Constr: '24849'!$A$7
Name Constr: '24850'!$A$7
Name Constr: '24896'!$A$7
Name FOT: '24836'!$D$17
Name FOT: '24844'!$D$18
Name FOT: '24849'!$D$14
Name FOT: '24850'!$D$18
Name FOT: '24896'!$D$16
Name Ind: '24836'!$H$9
Name Ind: '24844'!$G$10
Name Ind: '24849'!$H$9
Name Ind: '24850'!$H$9
Name Ind: '24896'!$H$8
Name Obj: '24836'!#REF!
Name Obj: '24844'!#REF!
Name Obj: '24849'!$E$12
Name Obj: '24850'!$E$12
Name Obj: '24896'!$E$11
Name Obosn: '24836'!$D$13
Name Obosn: '24844'!$D$14
Name Obosn: '24849'!#REF!
Name Obosn: '24850'!$D$14
Name Obosn: '24896'!$D$14
Name SmPr: '24836'!$D$14
Name SmPr: '24844'!$D$15
Name SmPr: '24849'!$D$13
Name SmPr: '24850'!$D$15
Name SmPr: '24896'!$D$15
Name аааааппппппрррппппппп: #REF!
Name аааааппппппрррппппппп: #REF!
Name аараооооооооооооо: #REF!
Name аараооооооооооооо: #REF!
Name автом: #REF!
Name автом: #REF!
Name алшрльоплварл: #REF!
Name алшрльоплварл: #REF!
Name аолвлддддддддддддддддввввввввв: #REF!
Name аолвлддддддддддддддддввввввввв: #REF!
Name апарв: #REF!
Name апарв: #REF!
Name апрлдджаоырыфрпопрлпрлпрлп: #REF!
Name апрлдджаоырыфрпопрлпрлпрлп: #REF!
Name арлггаджаш: #REF!
Name арлггаджаш: #REF!
Name ароррбллтблпроорапииас: #REF!
Name ароррбллтблпроорапииас: #REF!
Name арррррблллпдрлдддддддддд: #REF!
Name арррррблллпдрлдддддддддд: #REF!
Name варпаааааааааа: #REF!
Name варпаааааааааа: #REF!
Name ввпьььььлднд: #REF!
Name ввпьььььлднд: #REF!
Name вед: #REF!
Name вед: #REF!
Name вертикальная: #REF!
Name вертикальная: #REF!
Name вертикплан: #REF!
Name вертикплан: #REF!

Sheet 24836
A1: СОГЛАСОВАНО: | E1: ФГУП "Комбинат "Электрохимприбор" | M1: УТВЕРЖДАЮ:
G2: (наименование стройки) | M2: Зам. генерального директора
M3: Е.В.Гордеев
A4: _________________ | M4: _________________
A5: " _____ " ________________ 2013 г. | M5: "______ " __________2013 г.
G6: ЛОКАЛЬНЫЙ СМЕТНЫЙ РАСЧЕТ № 24836
G7: (локальная смета)
C9: на | D9: Реконструкцию автоматической пожарной сигнализации. Поликлиника ФГУЗ ЦМСЧ №91 ФМБА России.
D10: (частичная перепланировка помещений 2 и 3 этажей). Инв. № 6912852
H11: (наименование работ и затрат, наименование объекта)
D13: Основание: проект № 24579-13-ПС
D14: Сметная стоимость _______________________________________________________________________________________________ | J14: ___________________________8,658 | L14: тыс. руб.
D15: монтажных работ _______________________________________________________________________________________________ | J15: _______________________________________________________________________________________________7,588 | L15: тыс. руб.
D16: прочих (ПНР "в холостую") _______________________________________________________________________________________________ | J16: _______________________________________________________________________________________________1,070 | L16: тыс. руб.
D17: Средства на оплату труда _______________________________________________________________________________________________ | J17: ___________________________2,661 | L17: тыс. руб.
D18: Сметная трудоемкость _______________________________________________________________________________________________ | J18: _______________________________________________________________________________________________185,95 | L18: чел.час
D19: Материалы ______________________________________ | K19: =J71/1000 -> 2.003 | L19: тыс.руб.
D20: Составлен(а) в базовых ценах 2001г. в редакции 2009г.
A22: № пп | B22: Обоснование | C22: Наименование | D22: Ед. изм. | E22: Кол. | F22: Стоимость единицы, руб. | J22: Общая стоимость, руб. | N22: Т/з осн. раб.на ед. | O22: Т/з осн. раб. Всего | P22: Т/з мех. на ед. | Q22: Т/з мех. Всего
F23: Всего | G23: В том числе | J23: Всего | K23: В том числе
G24: Осн.З/п | H24: Эк.Маш | I24: З/пМех | K24: Осн.З/п | L24: Эк.Маш | M24: З/пМех
A25: 1 | B25: 2 | C25: 3 | D25: 4 | E25: 5 | F25: 6 | G25: 7 | H25: 8 | I25: 9 | J25: 10 | K25: 11 | L25: 12 | M25: 13 | N25: 14 | O25: 15 | P25: 16 | Q25: 17
A26: Раздел 1. Демонтажные работы
A27: 1 | B27: ТЕРм10-08-002-02 | C27: Демонтаж: извещатель ПС автоматический дымовой в нормальном исполнении КОЭФ. К ПОЗИЦИИ: демонтаж ОЗП=0,3; ЭМ=0,3 к расх.; ЗПМ=0,3; МАТ=0 к расх.; ТЗ=0,3; ТЗМ=0,3 | D27: 1 шт. | E27: 11 | F27: 6.97 | G27: 6.83 | H27: 0.14 | J27: 77 | K27: 75 | L27: 2 | N27: 0.5 | O27: 5.5
A28: 2 | B28: ТЕРм10-08-002-01 | C28: Демонтаж: извещатель ПС автоматический тепловой в нормальном исполнении КОЭФ. К ПОЗИЦИИ: демонтаж ОЗП=0,3; ЭМ=0,3 к расх.; ЗПМ=0,3; МАТ=0 к расх.; ТЗ=0,3; ТЗМ=0,3 | D28: 1 шт. | E28: 1 | F28: 3.47 | G28: 3.42 | H28: 0.05 | J28: 3 | K28: 3 | N28: 0.25 | O28: 0.25
A29: 3 | B29: ФЕРм08-02-390-01 | C29: Демонтаж: короба пластмассовые: шириной до 40 мм КОЭФ. К ПОЗИЦИИ: Приведение расценок ФЕР к территориальному уровню (Письмо УРЦЦС Ц-297 от 12.04.2011) ОЗП=1,41; ЭМ=1,242; ЗПМ=1,41; МАТ=1,052; Демонтаж оборудования без разборки и резки ОЗП=0,3; ЭМ=0,3 к расх.; ЗПМ=0,3; МАТ=0 к расх.; ТЗ=0,3; ТЗМ=0,3 | D29: 100 м | E29: 0.8 | F29: 77.16 | G29: 65.53 | H29: 11.63 | I29: 0.05 | J29: 62 | K29: 53 | L29: 9 | N29: 4.89 | O29: 3.91
A30: 4 | B30: ТЕРр67-3-1 | C30: Демонтаж кабеля | D30: 100 м | E30: 0.8 | F30: 106.34 | G30: 105.94 | H30: 0.4 | I30: 0.16 | J30: 85 | K30: 85 | N30: 9.64 | O30: 7.71 | P30: 0.01 | Q30: 0.01
A31: 5 | B31: ТЕРм10-08-019-01 | C31: Демонтаж: коробка ответвительная на стене КОЭФ. К ПОЗИЦИИ: демонтаж ОЗП=0,3; ЭМ=0,3 к расх.; ЗПМ=0,3; МАТ=0 к расх.; ТЗ=0,3; ТЗМ=0,3 | D31: 1 шт. | E31: 5 | F31: 2.06 | G31: 2.06 | J31: 10 | K31: 10 | N31: 0.15 | O31: 0.75
A32: 6 | B32: ТЕРм10-06-079-01 прим. | C32: Отключение шлейфа пожарной сигнализации КОЭФ. К ПОЗИЦИИ: Демонтаж: ОЗП=0,6; ЭМ=0,6 к расх.; ЗПМ=0,6; МАТ=0 к расх.; ТЗ=0,6; ТЗМ=0,6 | D32: 1 шт | E32: 4 | F32: 69.01 | G32: 69.01 | J32: 276 | K32: 276 | N32: 5.4 | O32: 21.6
A33: Раздел 2. Монтажные работы
A34: 7 | B34: Цена поставщика | C34: Кабель КПСнг(А)-FRLS 1х2х0,5 (Ц:43490руб :1,18:5,56) | D34: 1000 м | E34: 0.099 | F34: 6628.76 | J34: 656
A35: 8 | B35: ТЕРм08-02-399-01 | C35: Провод (кабель) в коробах, сечением до 6 мм2 | D35: 100 м | E35: 0.9 | F35: 189.23 | G35: 46.64 | H35: 56.09 | I35: 24.55 | J35: 170 | K35: 42 | L35: 50 | M35: 22 | N35: 3.52 | O35: 3.17 | P35: 1.57 | Q35: 1.41
A36: 9 | B36: ФССЦ-509-1841 | C36: Кабель-канал (короб) КОЭФ. К ПОЗИЦИИ: Приведение расценок ФЕР к территориальному уровню (Письмо УРЦЦС Ц-297 от 12.04.2011) ОЗП=1,41; ЭМ=1,242; ЗПМ=1,41; МАТ=1,052 | D36: м | E36: 78 | F36: 7.52 | J36: 587
A37: 10 | B37: ФЕРм08-02-390-01 | C37: Короба пластмассовые: шириной до 40 мм КОЭФ. К ПОЗИЦИИ: Приведение расценок ФЕР к территориальному уровню (Письмо УРЦЦС Ц-297 от 12.04.2011) ОЗП=1,41; ЭМ=1,242; ЗПМ=1,41; МАТ=1,052 | D37: 100 м | E37: 0.78 | F37: 311.4 | G37: 218.44 | H37: 38.75 | I37: 0.17 | J37: 243 | K37: 170 | L37: 30 | N37: 16.29 | O37: 12.71 | P37: 0.01 | Q37: 0.01
A38: 11 | B38: Цена поставщика | C38: ИП 212 - 45 Серия "Марко"Извещатель дымовой оптико-электронный двухпроводный (9-30В, 0,05мА) (Ц:240,79руб :1,18:5,56) | D38: шт | E38: 14 | F38: 36.7 | J38: 514
A39: 12 | B39: ТЕРм10-08-002-02 | C39: Извещатель ПС автоматический дымовой, фотоэлектрический, радиоизотопный, световой в нормальном исполнении | D39: 1 шт. | E39: 13 | F39: 28.38 | G39: 22.76 | H39: 0.46 | J39: 369 | K39: 296 | L39: 6 | N39: 1.68 | O39: 21.84
A40: 13 | B40: ТСЦ-503-0460 | C40: Разветвительная коробка УК-2 | D40: шт. | E40: 8 | F40: 2.85 | J40: 23
A41: 14 | B41: ТЕРм10-08-019-01 | C41: Коробка ответвительная на стене | D41: 1 шт. | E41: 7 | F41: 7.32 | G41: 6.88 | J41: 51 | K41: 48 | N41: 0.5 | O41: 3.5
A42: 15 | B42: ТЕРм10-06-079-01 прим. | C42: Подключение существующих шлейфов пожарной сигнализации | D42: 1 шт | E42: 4 | F42: 117.32 | G42: 115.02 | J42: 469 | K42: 460 | N42: 9 | O42: 36
A43: Раздел 3. Пусконаладочные работы пожарной сигнализации (в холостую 80%)
A44: 16 | B44: ТЕРп01-10-001-01 | C44: Сбор и реализация сигналов информации устройств защиты, автоматики электрических и технологических режимов КОЭФ. К ПОЗИЦИИ: 0.10 При выполнении пусконаладочных работ на высоте от 2 до 8м ОЗП=1,1; ТЗ=1,1 | D44: 1 сигнал | E44: 13 | F44: 27.19 | G44: 27.19 | J44: 353 | K44: 353 | N44: 1.65 | O44: 21.45
A45: 17 | B45: ТЕРп01-10-010-01 | C45: Схема контроля изоляции электрической сети с помощью электроизмерительных приборов | D45: 1 схема | E45: 2 | F45: 95.38 | G45: 95.38 | J45: 191 | K45: 191 | N45: 6 | O45: 12
A46: Итого прямые затраты по смете в ценах 2001г. | J46: 4139 | K46: 2062 | L46: 97 | M46: 22 | O46: 150.39 | Q46: 1.43
A47: Итого прямые затраты по смете с учетом коэффициентов к итогам | J47: 4766 | K47: 2630 | L47: 133 | M47: 31 | O47: 185.95 | Q47: 1.93
A48: В том числе, справочно:
A49: Районный к-т 4,3% (Поз. 1-2, 5, 12, 14, 3, 8, 10, 4, 6, 15-17) | J49: 90 | K49: 89 | L49: 1 | M49: 1
A50: Заготовительно-складские расходы на материалы - согласно п.4.64 из МДС 81-35.2004 МАТ=1,02 (Поз. 7, 11) | J50: 23
A51: 2. Производство монтажных работ в существующих зданиях и сооружениях в стесненных условиях ОЗП=1,35; ЭМ=1,35; ЗПМ=1,35; ТЗ=1,35; ТЗМ=1,35 (Поз. 1-2, 5, 12, 14, 3, 8, 10, 6, 15) | J51: 559 | K51: 523 | L51: 34 | M51: 8 | O51: 38.2305 | Q51: 0.497
A52: 3. ПНР на действующих предприятиях в зданиях при наличии в зоне производства работ загромождающих помещения предметов ОЗП=1,15; ТЗ=1,15 (Поз. 16-17) | J52: 85 | K52: 85 | O52: 5.0175
A53: Пусконаладочные работы (в холостую 80%) ПЗ=0,8 (ОЗП=0,8; ЭМ=0,8; ЗПМ=0,8; МАТ=0,8; ТЗ=0,8; ТЗМ=0,8) (Поз. 16-17) | J53: -130 | K53: -130 | O53: -7.694
A54: Накладные расходы | J54: 2323
A55: В том числе, справочно:
A56: 65% ФОТ (от 522) (Поз. 16-17) | J56: 339
A57: 80% ФОТ (от 609) (Поз. 1-2, 5, 12, 14) | J57: 487
A58: 85% ФОТ (от 89) (Поз. 4) | J58: 76
A59: 95% ФОТ (от 404) (Поз. 3, 8, 10) | J59: 384
A60: 100% ФОТ (от 1037) (Поз. 6, 15) | J60: 1037
A61: Сметная прибыль | J61: 1569
A62: В том числе, справочно:
A63: 40% ФОТ (от 522) (Поз. 16-17) | J63: 209
A64: 60% ФОТ (от 609) (Поз. 1-2, 5, 12, 14) | J64: 365
A65: 65% ФОТ (от 1530) (Поз. 3, 8, 10, 4, 6, 15) | J65: 995
A66: Итоги по смете:
A67: Итого Монтажные работы | J67: 7588 | O67: 155.17 | Q67: 1.93
A68: Итого Прочие затраты (в холостую 80%) | J68: 1070 | O68: 30.78
A69: Итого | J69: 8658 | O69: 185.95 | Q69: 1.93
A70: В том числе:
A71: Материалы | J71: 2003
A72: Машины и механизмы | J72: =133-M47 -> 102
A73: ФОТ | J73: 2661
A74: Накладные расходы | J74: 2323
A75: Сметная прибыль | J75: 1569
A76: ВСЕГО по смете | J76: =SUM(J71:J75) -> 8658 | O76: 185.95 | Q76: 1.93

Sheet 24844
A1: СОГЛАСОВАНО: | E1: ФГУП "Комбинат "Электрохимприбор" | M1: УТВЕРЖДАЮ:
G2: (наименование стройки) | M2: Зам. генерального директора
M3: Е.В.Гордеев
A4: _________________ | M4: _________________
A5: " _____ " ________________ 2013 г. | M5: "______ " __________2013 г.
G6: ЛОКАЛЬНЫЙ СМЕТНЫЙ РАСЧЕТ № 24844
G7: (локальная смета)
C10: на | D10: Реконструкцию водопровода и канализации. Поликлиника ФГУЗ ЦМСЧ №91 ФМБА России.
D11: (частичная перепланировка помещений 2 и 3 этажей). Инв. № 6912852
H12: (наименование работ и затрат, наименование объекта)
D14: Основание: проект № 24013-11-ВК
D15: Сметная стоимость _______________________________________________________________________________________________ | J15: ___________________________40,443 | L15: тыс. руб.
D16: строительных работ _______________________________________________________________________________________________ | J16: _______________________________________________________________________________________________7,554 | L16: тыс. руб.
D17: оборудования _______________________________________________________________________________________________ | J17: _______________________________________________________________________________________________32,889 | L17: тыс. руб.
D18: Средства на оплату труда _______________________________________________________________________________________________ | J18: ___________________________1,331 | L18: тыс. руб.
D19: Сметная трудоемкость _______________________________________________________________________________________________ | J19: _______________________________________________________________________________________________95,44 | L19: чел.час
D20: Материалы ______________________________________ | K20: =K70/1000 -> 3.247 | L20: тыс.руб.
D21: Составлен(а) в базовых ценах 2001г. в редакции 2009г.
A23: № пп | B23: Обоснова-ние | C23: Наименование | D23: Ед. изм. | E23: Кол. | F23: Стоимость единицы, руб. | J23: Общая стоимость, руб. | O23: Т/з осн. раб.на ед. | P23: Т/з осн. раб. Всего | Q23: Общая масса обору-дования, т
F24: Всего | G24: В том числе | J24: Обору-дование | K24: Всего | L24: В том числе
G25: Осн.З/п | H25: Эк.Маш | I25: З/пМех | L25: Осн.З/п | M25: Эк.Маш | N25: З/пМех
A26: 1 | B26: 2 | C26: 3 | D26: 4 | E26: 5 | F26: 6 | G26: 7 | H26: 8 | I26: 9 | J26: 10 | K26: 11 | L26: 12 | M26: 13 | N26: 14 | O26: 15 | P26: 16 | Q26: 17
A27: Раздел 1. Кабинет эндоскопии
A28: 1 | B28: ТЕРр65-33-1 | C28: Смена жалюзийных решеток | D28: 100 шт | E28: 0.01 | F28: 4164.45 | G28: 554.74 | H28: 0.4 | I28: 0.16 | K28: 42 | L28: 6 | O28: 46.19 | P28: 0.46
A29: Водопровод
A30: 2 | B30: ТЕР16-02-002-01 | C30: Прокладка трубопроводов водоснабжения из стальных водогазопроводных оцинкованных труб диаметром 15 мм | D30: 100 м трубопровода | E30: 0.16 | F30: 5020.27 | G30: 502.3 | H30: 79.16 | I30: 2.73 | K30: 803 | L30: 80 | M30: 13 | O30: 37.07 | P30: 5.93
A31: 3 | B31: ТСЦ-301-1224 | C31: Крепления для трубопроводов: кронштейны, планки, хомуты | D31: кг | E31: 3.2 | F31: 17.02 | K31: 54
A32: 4 | B32: ТСЦ-302-1134 | C32: Вентили проходные муфтовые 15KЧ18Р для воды, давлением 1,6 МПа (16 кгс/см2), диаметром 15 мм | D32: шт. | E32: 2 | F32: 26.19 | K32: 52
A33: 5 | B33: ТСЦ-302-1831 | C33: Кран шаровой муфтовый 11Б27П1, диаметром 15 мм | D33: шт. | E33: 7 | F33: 25.14 | K33: 176
A34: 6 | B34: ТЕР18-06-007-01 | C34: Установка фильтров диаметром 25 мм б/у | D34: 10 фильтров | E34: 0.1 | F34: 180.6 | G34: 108.39 | H34: 64.42 | I34: 0.18 | K34: 18 | L34: 11 | M34: 6 | O34: 8.18 | P34: 0.82
A35: 7 | B35: ТЕР18-02-003-01 прим. | C35: Установка моечной машины б/у вместимостью до 1 м3 | D35: шт | E35: 1 | F35: 619.08 | G35: 191.24 | H35: 66.08 | I35: 4.19 | K35: 619 | L35: 191 | M35: 66 | N35: 4 | O35: 14.61 | P35: 14.61
A36: 8 | B36: ТЕР15-04-030-04 | C36: Масляная окраска металлических поверхностей труб диаметром менее 50 мм, количество окрасок 2 | D36: 100 м2 | E36: 0.018 | F36: 1384.09 | G36: 886.83 | H36: 3.68 | I36: 0.16 | K36: 25 | L36: 16 | O36: 71.06 | P36: 1.28
A37: 9 | B37: ТЕР16-07-003-02 | C37: Врезка в действующие внутренние сети трубопроводов отопления и водоснабжения диаметром 20 мм | D37: 1 врезка | E37: 4 | F37: 107.91 | G37: 62.31 | H37: 5.56 | K37: 432 | L37: 249 | M37: 22 | O37: 4.46 | P37: 17.84
A38: 10 | B38: ТЕР16-07-005-01 | C38: Гидравлическое испытание трубопроводов систем отопления, водопровода и горячего водоснабжения диаметром до 50 мм | D38: 100 м трубопровода | E38: 0.16 | F38: 104.4 | G38: 82.16 | H38: 15.29 | K38: 17 | L38: 13 | M38: 2 | O38: 5.01 | P38: 0.8
A39: Канализация
A40: 11 | B40: ТЕР16-04-001-01 | C40: Прокладка трубопроводов канализации из полиэтиленовых труб высокой плотности диаметром 50 мм | D40: 100 м трубопровода | E40: 0.05 | F40: 5197.98 | G40: 897.43 | H40: 15.84 | I40: 0.36 | K40: 260 | L40: 45 | M40: 1 | O40: 64.24 | P40: 3.21
A41: 12 | B41: ТСЦ-301-1097 | C41: Хомуты для крепления канализационных пластмассовых трубопроводов, диаметром 50 мм | D41: т | E41: 0.003 | F41: 29302 | K41: 88
A42: 13 | B42: ТЕРр65-6-3 | C42: Установка сифона | D42: 100 приборов | E42: 0.01 | F42: 4692.79 | G42: 975.11 | H42: 20.52 | I42: 2.03 | K42: 47 | L42: 10 | O42: 76.3 | P42: 0.76
A43: 14 | B43: ТСЦ-301-3303 | C43: Воронка сливная диаметром 50 мм | D43: шт. | E43: 1 | F43: 35.78 | K43: 36
A44: 15 | B44: ТЕР17-01-005-02 | C44: Установка моек на два отделения: установка приборов со сверлением отверстий; установка шкафов под мойки; присоединение приборов к трубопроводам. | D44: 10 компл. | E44: 0.3 | F44: 538.35 | G44: 342.95 | H44: 68.94 | I44: 10 | K44: 162 | L44: 103 | M44: 21 | N44: 3 | O44: 25.31 | P44: 7.59
A45: 16 | B45: Цена поставщика | C45: Умывальник-ванна с тумбой МГ-УХ-Н6-нерж. хирургическая на 2 мойки (Ц:52000руб :1,18:4,19) КОЭФ. К ПОЗИЦИИ: Транспортные расходы на оборудование - согласно п.4.60 из МДС 81-35.2004 ПЗ=1,03 (ОЗП=1,03; ЭМ=1,03; МАТ=1,03); Заготовительно-складские расходы на оборудование - согласно п.4.64 из МДС 81-35.2004 ПЗ=1,012 (ОЗП=1,012; ЭМ=1,012; МАТ=1,012) | D45: компл. | E45: 3 | J45: 32889 | K45: 32889
A46: 17 | B46: Цена поставщика | C46: Смеситель хирургический локтевой на раковину (Ц:1250руб:1,1865,56) КОЭФ. К ПОЗИЦИИ: Заготовительно-складские расходы на материалы - согласно п.4.64 из МДС 81-35.2004 МАТ=1,02 | D46: компл. | E46: 6 | F46: 194.34 | K46: 1166
A47: 18 | B47: ТЕР17-01-002-03 | C47: Установка смесителей | D47: 10 шт. | E47: 0.3 | F47: 112.27 | G47: 94.85 | H47: 0.29 | K47: 34 | L47: 28 | O47: 7 | P47: 2.1
A48: 19 | B48: ТЕР16-07-004-01 | C48: Врезка в действующие внутренние сети трубопроводов канализации диаметром 50 мм | D48: 1 врезка | E48: 2 | F48: 135.06 | G48: 84.67 | H48: 1.09 | K48: 270 | L48: 169 | M48: 2 | O48: 7.05 | P48: 14.1
A49: Итого прямые затраты по смете в ценах 2001г. | K49: 37190 | L49: 921 | M49: 133 | N49: 7 | P49: 69.5
A50: Итого прямые затраты по смете с учетом коэффициентов к итогам | K50: 37655 | L50: 1320 | M50: 199 | N50: 11 | P50: 95.44
A51: В том числе, справочно:
A52: Районный к-т 4,3% (Поз. 1, 13, 2, 6-7, 9-11, 15, 18-19, 8) | K52: 40 | L52: 40
A53: При ремонте и реконструкции зданий и сооружений работы, аналогичные технологическим процессам в новом строительстве ОЗП=1,15; ЭМ=1,25; ЗПМ=1,25; ТЗ=1,15; ТЗМ=1,25 (Поз. 2, 6-7, 9-11, 15, 18-19, 8) | K53: 175 | L53: 142 | M53: 33 | N53: 2 | P53: 10.242
A54: Условия производства работ ОЗП=1,2; ЭМ=1,2; ЗПМ=1,2; ТЗ=1,2; ТЗМ=1,2 (Поз. 2, 6-7, 9-11, 15, 18-19, 8) | K54: 250 | L54: 217 | M54: 33 | N54: 2 | P54: 15.704
A55: Накладные расходы | K55: 1694
A56: В том числе, справочно:
A57: 103% ФОТ (от 17) (Поз. 1, 13) | K57: 18
A58: 105% ФОТ (от 24) (Поз. 8) | K58: 25
A59: 128% ФОТ (от 1290) (Поз. 2, 6-7, 9-11, 15, 18-19) | K59: 1651
A60: Сметная прибыль | K60: 1094
A61: В том числе, справочно:
A62: 55% ФОТ (от 24) (Поз. 8) | K62: 13
A63: 60% ФОТ (от 17) (Поз. 1, 13) | K63: 10
A64: 83% ФОТ (от 1290) (Поз. 2, 6-7, 9-11, 15, 18-19) | K64: 1071
A65: Итоги по смете:
A66: Итого Строительные работы | K66: 7554 | P66: 95.44
A67: Итого Оборудование | K67: 32889
A68: Итого | K68: 40443 | P68: 95.44
A69: В том числе:
A70: Материалы | K70: 3247
A71: Машины и механизмы | K71: =199-N50 -> 188
A72: ФОТ | K72: 1331
A73: Оборудование | K73: 32889
A74: Накладные расходы | K74: 1694
A75: Сметная прибыль | K75: 1094
A76: ВСЕГО по смете | K76: =SUM(K70:K75) -> 40443 | P76: 95.44

Sheet 24849
A1: СОГЛАСОВАНО: | E1: ФГУП "Комбинат "Электрохимприбор" | M1: УТВЕРЖДАЮ:
G2: (наименование стройки) | M2: Зам.генерального директора
A3: _________________ | N3: Е.В. Гордеев
A4: " _____ " ________________ 2013 г. | M4: __________________
G5: ЛОКАЛЬНЫЙ СМЕТНЫЙ РАСЧЕТ № 24849 | M5: "______ " __________2013 г.
C8: на | D8: реконструкцию. Частичная перепланировка помещений. II и III этаж. Поликлиника
D9: ФГУЗ ЦМСЧ №91 ФМБА России (инв. № 6912852)
E10: (наименование работ и затрат, наименование объекта)
D12: Основание: проект № 23865-11-АС
D13: Сметная стоимость строительных работ _______________________________________________________________________________________________ | J13: ___________________________74,747 | L13: тыс. руб.
D14: Средства на оплату труда _______________________________________________________________________________________________ | J14: ___________________________9,354 | L14: тыс. руб.
D15: Сметная трудоемкость _______________________________________________________________________________________________ | J15: _______________________________________________________________________________________________701,2 | L15: чел.час
D16: Материалы _________________________________________________________ | K16: 50,404 тыс.руб.
D17: Составлен(а) в базовых ценах 2001г. в редакции 2009г.
A19: № пп | B19: Обоснование | C19: Наименование | D19: Ед. изм. | E19: Кол. | F19: Стоимость единицы, руб. | J19: Общая стоимость, руб. | N19: Т/з осн. раб.на ед. | O19: Т/з осн. раб. Всего | P19: Т/з мех. на ед. | Q19: Т/з мех. Всего
F20: Всего | G20: В том числе | J20: Всего | K20: В том числе
G21: Осн.З/п | H21: Эк.Маш | I21: З/пМех | K21: Осн.З/п | L21: Эк.Маш | M21: З/пМех
A22: 1 | B22: 2 | C22: 3 | D22: 4 | E22: 5 | F22: 6 | G22: 7 | H22: 8 | I22: 9 | J22: 10 | K22: 11 | L22: 12 | M22: 13 | N22: 14 | O22: 15 | P22: 16 | Q22: 17
A23: Раздел 1. Разборка конструкций
A24: 1 | B24: ТЕР46-04-012-03 | C24: Разборка деревянных заполнений проемов дверных | D24: 100 м2 | E24: 0.042 | F24: 1496.49 | G24: 1184.57 | H24: 311.92 | I24: 120.9 | J24: 63 | K24: 50 | L24: 13 | M24: 5 | N24: 103.91 | O24: 4.36 | P24: 7.74 | Q24: 0.33
A25: 2 | B25: ТЕРр57-2-1 | C25: Разборка покрытий полов из линолеума | D25: 100 м2 | E25: 0.0966 | F25: 130.42 | G25: 125.18 | H25: 5.24 | I25: 2.03 | J25: 13 | K25: 12 | L25: 1 | N25: 11.39 | O25: 1.1 | P25: 0.13 | Q25: 0.01
A26: 3 | B26: ТЕРр57-2-2 | C26: Разборка покрытий полов из плиток поливинилхлоридных | D26: 100 м2 | E26: 0.0966 | F26: 395.28 | G26: 390.04 | H26: 5.24 | I26: 2.03 | J26: 38 | K26: 38 | N26: 35.49 | O26: 3.43 | P26: 0.13 | Q26: 0.01
A27: 4 | B27: СЦП1-1-27-А | C27: Погрузочные работы при автомобильных перевозках: мусор строительный КОЭФ. К ПОЗИЦИИ: Коэффициент техн.часть п.3 ПЗ=1,025 (ОЗП=1,025; ЭМ=1,025 к расх.; ЗПМ=1,025; МАТ=1,025 к расх.; ТЗ=1,025; ТЗМ=1,025) | D27: т | E27: 1.2 | F27: 2.77 | G27: 2.77 | J27: 3 | K27: 3
A28: 5 | B28: СЦП3-3-40-1 | C28: Перевозка грузов (мусора) автомобилями-самосвалами (работающими вне карьеров): расстояние 40 км, класс груза I КОЭФ. К ПОЗИЦИИ: При перевозке грузов к провозной плате (тарифам) применять поправочный коэффициент ПЗ=1,37 (ОЗП=1,37; ЭМ=1,37 к расх.; ЗПМ=1,37; МАТ=1,37 к расх.; ТЗ=1,37; ТЗМ=1,37) | D28: т | E28: 1.2 | F28: 52.85 | H28: 52.85 | J28: 63 | L28: 63
A29: Раздел 2. Общестроительные работы
A30: Стены, перегородки, проемы
A31: 6 | B31: ТЕР10-05-009-01 прим. | C31: Зашивка канализационного стояка по системе «КНАУФ» по одинарному металлическому каркасу из ПН и ПС профилей гипсокартонными листами в один слой | D31: 100 м2 | E31: 0.018 | F31: 10984.75 | G31: 907.38 | H31: 33.59 | J31: 198 | K31: 16 | L31: 1 | N31: 71 | O31: 1.28
A32: 7 | B32: ТЕР10-01-047-04 | C32: Установка блоков из ПВХ в дверных проемах в перегородках площадью проема до 3 м2 | D32: 100 м2 проемов | E32: 0.146 | F32: 7756.85 | G32: 1953.53 | H32: 682.72 | I32: 16.4 | J32: 1133 | K32: 285 | L32: 100 | M32: 2 | N32: 160.52 | O32: 23.44 | P32: 1.05 | Q32: 0.15
A33: 8 | B33: ТСЦ-203-8089 | C33: Блоки дверные внутренние светлые (ГОСТ 30970-2002) | D33: м2 | E33: 12.6 | F33: 1180.45 | J33: 14874
A34: 9 | B34: ТСЦ-203-8085 прим. | C34: Блоки дверные внутренние с прослойкой из звукоизоляцинного материала (ГОСТ 30970-2002) | D34: м2 | E34: 2.1 | F34: 1281.09 | J34: 2690
A35: 10 | B35: ТСЦ-101-0887 | C35: Скобяные изделия для блоков входных однопольных | D35: компл. | E35: 7 | F35: 168.76 | J35: 1181
A36: Окно выдачи
A37: 11 | B37: ТЕР10-01-034-03 прим. | C37: Установка окон выдачи из ПВХ профилей поворотных с площадью проема до 2 м2 одностворчатых | D37: 100 м2 проемов | E37: 0.0096 | F37: 11766.24 | G37: 2662.11 | H37: 664.65 | I37: 27.49 | J37: 113 | K37: 26 | L37: 6 | N37: 216.08 | O37: 2.07 | P37: 1.76 | Q37: 0.02
A38: 12 | B38: ТСЦ-203-8040 прим. | C38: Блоки окон выдачи из поливинилхлоридных профилей одностворные, площадью до 0,75 м2 | D38: м2 | E38: 0.96 | F38: 1659.51 | J38: 1593
A39: 13 | B39: ТЕР10-01-035-01 прим. | C39: Установка подоконных досок из ПВХ толщиной до 0,51 м | D39: 100 п. м | E39: 0.012 | F39: 4353.28 | G39: 254.49 | H39: 17.99 | I39: 0.62 | J39: 52 | K39: 3 | N39: 21.19 | O39: 0.25 | P39: 0.04
A40: 14 | B40: ТСЦ-101-2906 прим. | C40: Доски подоконные ПВХ, шириной 300 мм | D40: м | E40: 1.2 | F40: 188.52 | J40: 226
A41: Отделочные работы
A42: 15 | B42: ТЕР15-02-018-02 | C42: Штукатурка внутренних поверхностей наружных стен, цементно-известковым или цементным раствором по камню и бетону, улучшенная | D42: 100 м2 | E42: 0.08 | F42: 3041.26 | G42: 1364.88 | H42: 220.17 | I42: 95.23 | J42: 243 | K42: 109 | L42: 18 | M42: 8 | N42: 103.01 | O42: 8.24 | P42: 7.68 | Q42: 0.61
A43: 16 | B43: ТЕРр62-7-6 | C43: Улучшенная масляная окраска ранее окрашенных стен за два раза с расчисткой старой краски более 35% | D43: 100 м2 | E43: 0.321 | F43: 1837.18 | G43: 921.15 | H43: 10.58 | I43: 1.56 | J43: 590 | K43: 296 | L43: 3 | M43: 1 | N43: 75.69 | O43: 24.3 | P43: 0.1 | Q43: 0.03
A44: 17 | B44: ТЕРр62-8-6 | C44: Улучшенная масляная окраска ранее окрашенных потолков за два раза с расчисткой старой краски более 35% | D44: 100 м2 | E44: 0.6 | F44: 2219.34 | G44: 1102.97 | H44: 10.58 | I44: 1.56 | J44: 1332 | K44: 662 | L44: 6 | M44: 1 | N44: 90.63 | O44: 54.38 | P44: 0.1 | Q44: 0.06
A45: 18 | B45: ТЕР13-03-001-01 прим. | C45: Покрытие гипсокартонной перегородки каучуко-битумной эмульсией, один слой КОЭФ. К ПОЗИЦИИ: в 2 слоя ПЗ=2 (ОЗП=2; ЭМ=2 к расх.; ЗПМ=2; МАТ=0 к расх.; ТЗ=2; ТЗМ=2) | D45: 100 м2 | E45: 0.21 | F45: 240.08 | G45: 219.78 | H45: 20.3 | I45: 0.32 | J45: 50 | K45: 46 | L45: 4 | N45: 14.86 | O45: 3.12 | P45: 0.02
A46: 19 | B46: ТСЦ-101-2386 | C46: Состав гидроизоляционный Флэхендихт, КНАУФ (расход для 2-х слоев 1000г/м2) | D46: кг | E46: 21 | F46: 46.28 | J46: 972
A47: 20 | B47: ТЕР15-04-006-03 | C47: Покрытие поверхностей грунтовкой глубокого проникновения за 1 раз стен | D47: 100 м2 | E47: 0.732 | F47: 90.44 | G47: 88.75 | H47: 1.49 | I47: 0.16 | J47: 66 | K47: 65 | L47: 1 | N47: 6.55 | O47: 4.79 | P47: 0.01 | Q47: 0.01
A48: 21 | B48: ТСЦ-101-2787 | C48: Грунтовка глубокого проникновения (из расчета 150г на 1м2) | D48: кг | E48: 11 | F48: 30.48 | J48: 335
A49: 22 | B49: ТЕР15-01-019-06 | C49: Гладкая облицовка стен, столбов, пилястр и откосов (без карнизных, плинтусных и угловых плиток) на клее из сухих смесей по ГКЛ | D49: 100 м2 | E49: 0.255 | F49: 16266.12 | G49: 2489.75 | H49: 62.15 | I49: 30.73 | J49: 4148 | K49: 635 | L49: 16 | M49: 8 | N49: 197.13 | O49: 50.27 | P49: 2.14 | Q49: 0.55
A50: 23 | B50: ТЕР15-01-020-11 | C50: Облицовка стен на клее из сухих смесей с карнизными, плинтусными и угловыми плитками в общественных зданиях по кирпичу и бетону | D50: 100 м2 | E50: 1.18 | F50: 15733.05 | G50: 2325.71 | H50: 42.41 | I50: 23.08 | J50: 18565 | K50: 2744 | L50: 50 | M50: 27 | N50: 179.73 | O50: 212.08 | P50: 1.65 | Q50: 1.95
A51: 24 | B51: ТЕРр57-10-2 | C51: Заделка выбоин в полах цементных площадью до 0,5 м2 | D51: 100 мест | E51: 1.223 | F51: 1597.94 | G51: 832.89 | H51: 78.89 | I51: 9.21 | J51: 1954 | K51: 1019 | L51: 96 | M51: 11 | N51: 69.35 | O51: 84.82 | P51: 0.68 | Q51: 0.83
A52: 25 | B52: ТЕРр62-33-2 | C52: Окраска масляными составами ранее окрашенных поверхностей радиаторов и ребристых труб отопления за 2 раза | D52: 100 м2 | E52: 0.06 | F52: 1389.71 | G52: 812.38 | H52: 1.09 | J52: 83 | K52: 49 | N52: 65.94 | O52: 3.96
A53: 26 | B53: ТЕРр62-42-1 | C53: Протравка пола нейтрализующим раствором | D53: 100 м2 | E53: 0.512 | F53: 56.55 | G53: 41.43 | J53: 29 | K53: 21 | N53: 3.77 | O53: 1.93
A54: 27 | B54: ТЕР11-01-027-06 | C54: Устройство покрытий из плиток гладких керамических для полов одноцветных | D54: 100 м2 | E54: 0.512 | F54: 10157.72 | G54: 1475.69 | H54: 181.39 | I54: 62.67 | J54: 5201 | K54: 756 | L54: 93 | M54: 32 | N54: 119.78 | O54: 61.33 | P54: 4.22 | Q54: 2.16
A55: 28 | B55: ТЕР11-01-039-04 | C55: Устройство плинтусов из плиток керамических | D55: 100 м | E55: 0.51 | F55: 4050.58 | G55: 316.24 | H55: 6.55 | J55: 2066 | K55: 161 | L55: 3 | N55: 23.6 | O55: 12.04
A56: Итого прямые затраты по смете в ценах 2001г. | J56: 57874 | K56: 6996 | L56: 474 | M56: 95 | O56: 557.19 | Q56: 6.72
A57: Итого прямые затраты по смете с учетом коэффициентов к итогам | J57: 60245 | K57: 9216 | L57: 625 | M57: 138 | O57: 701.2 | Q57: 9.44
A58: В том числе, справочно:
A59: Районный к-т 4,3% (Поз. 1-3, 24, 6-14, 19, 15, 20, 22-23, 16-17, 25-26, 18, 21, 27-28) | J59: 303 | K59: 301 | L59: 4 | M59: 4
A60: При ремонте и реконструкции зданий и сооружений работы, аналогичные технологическим процессам в новом строительстве ОЗП=1,15; ЭМ=1,25; ЗПМ=1,25; ТЗ=1,15; ТЗМ=1,25 (Поз. 6-14, 19, 15, 20, 22-23, 18, 21, 27-28) | J60: 832 | K60: 758 | L60: 74 | M60: 20 | O60: 56.8365 | Q60: 1.3625
A61: Условия производства работ ОЗП=1,2; ЭМ=1,2; ЗПМ=1,2; ТЗ=1,2; ТЗМ=1,2 (Поз. 6-14, 19, 15, 20, 22-23, 18, 21, 27-28) | J61: 1236 | K61: 1162 | L61: 74 | M61: 20 | O61: 87.152 | Q61: 1.362
A62: Накладные расходы | J62: 9573
A63: Сметная прибыль | J63: 4929
A64: Итоги по смете:
A65: Работы по реконструкции зданий и сооружений (усиление и замена существующих конструкций, разборка и возведение отдельных конструктивных элементов) | J65: 162 | O65: 4.36 | Q65: 0.33
A66: Полы (ремонтно-строительные) | J66: 3718 | O66: 89.35 | Q66: 0.85
A67: Погрузо-разгрузочные работы при автоперевозках | J67: 8
A68: Перевозка грузов автотранспортом | J68: 63
A69: Деревянные конструкции | J69: 24053 | O69: 37.32 | Q69: 0.25
A70: Отделочные работы | J70: 32491 | O70: 380.03 | Q70: 4.68
A71: Малярные работы (ремонтно-строительные) | J71: 3474 | O71: 84.57 | Q71: 0.09
A72: Защита строительных конструкций и оборудования от коррозии | J72: 170 | O72: 4.31
A73: Полы | J73: 10608 | O73: 101.26 | Q73: 3.24
A74: Итого | J74: 74747 | O74: 701.2 | Q74: 9.44
A75: В том числе:
A76: Материалы | J76: 50404
A77: Машины и механизмы | J77: 487
A78: ФОТ | J78: 9354
A79: Накладные расходы | J79: 9573
A80: Сметная прибыль | J80: 4929
A81: ВСЕГО по смете | J81: 74747 | O81: 701.2 | Q81: 9.44
B83: Примечание: материал от разборки, пригодный для дальнейшего использования, передается балансодержателю по акту.

Sheet 24850
A1: СОГЛАСОВАНО: | E1: ФГУП "Комбинат "Электрохимприбор" | M1: УТВЕРЖДАЮ:
G2: (наименование стройки) | M2: Зам. генерального директора
M3: Е.В.Гордеев
A4: _________________ | M4: _________________
A5: " _____ " ________________ 2013 г. | M5: "______ " __________2013 г.
G6: ЛОКАЛЬНЫЙ СМЕТНЫЙ РАСЧЕТ № 24850
G7: (локальная смета)
C10: на | D10: Реконструкцию силового электрооборудования. Поликлиника ФГУЗ ЦМСЧ №91 ФМБА России.
D11: (частичная перепланировка помещений 2 и 3 этажей). Инв. № 6912852
H12: (наименование работ и затрат, наименование объекта)
D14: Основание: проект № 24048-11-ЭМ
D15: Сметная стоимость _______________________________________________________________________________________________ | J15: ___________________________36,839 | L15: тыс. руб.
D16: строительных работ _______________________________________________________________________________________________ | J16: _______________________________________________________________________________________________3,279 | L16: тыс. руб.
D17: монтажных работ _______________________________________________________________________________________________ | J17: _______________________________________________________________________________________________33,560 | L17: тыс. руб.
D18: Средства на оплату труда _______________________________________________________________________________________________ | J18: ___________________________5,214 | L18: тыс. руб.
D19: Сметная трудоемкость _______________________________________________________________________________________________ | J19: _______________________________________________________________________________________________271,25 | L19: чел.час
D20: Материалы ______________________________________ | K20: =J95/1000 -> 19.5 | L20: тыс.руб.
D21: Составлен(а) в базовых ценах 2001г. в редакции 2009г.
A23: № пп | B23: Обоснование | C23: Наименование | D23: Ед. изм. | E23: Кол. | F23: Стоимость единицы, руб. | J23: Общая стоимость, руб. | N23: Т/з осн. раб.на ед. | O23: Т/з осн. раб. Всего | P23: Т/з мех. на ед. | Q23: Т/з мех. Всего
F24: Всего | G24: В том числе | J24: Всего | K24: В том числе
G25: Осн.З/п | H25: Эк.Маш | I25: З/пМех | K25: Осн.З/п | L25: Эк.Маш | M25: З/пМех
A26: 1 | B26: 2 | C26: 3 | D26: 4 | E26: 5 | F26: 6 | G26: 7 | H26: 8 | I26: 9 | J26: 10 | K26: 11 | L26: 12 | M26: 13 | N26: 14 | O26: 15 | P26: 16 | Q26: 17
A27: Раздел 1. Демонтажные работы
A28: 1 | B28: ТЕРр67-4-5 | C28: Демонтаж светильников для люминесцентных ламп | D28: 100 шт. | E28: 0.13 | F28: 205.2 | G28: 201.98 | H28: 3.22 | I28: 1.25 | J28: 27 | K28: 27 | N28: 17.89 | O28: 2.33 | P28: 0.08 | Q28: 0.01
A29: 2 | B29: ТЕРр67-4-1 | C29: Демонтаж выключателей, розеток | D29: 100 шт. | E29: 0.13 | F29: 64.18 | G29: 64.18 | J29: 8 | K29: 8 | N29: 5.84 | O29: 0.76
A30: 3 | B30: ТЕРр67-4-1 прим. | C30: Демонтаж ответвительной коробки | D30: 100 шт. | E30: 0.1 | F30: 64.18 | G30: 64.18 | J30: 6 | K30: 6 | N30: 5.84 | O30: 0.58
A31: 4 | B31: ТЕРр67-3-1 | C31: Демонтаж кабеля | D31: 100 м | E31: 0.6 | F31: 106.34 | G31: 105.94 | H31: 0.4 | I31: 0.16 | J31: 64 | K31: 64 | N31: 9.64 | O31: 5.78 | P31: 0.01 | Q31: 0.01
A32: 5 | B32: ФЕРм08-02-390-01 | C32: Демонтаж: короба пластмассовые: шириной до 40 мм КОЭФ. К ПОЗИЦИИ: Приведение расценок ФЕР к территориальному уровню (Письмо УРЦЦС Ц-297 от 12.04.2011) ОЗП=1,41; ЭМ=1,242; ЗПМ=1,41; МАТ=1,052; Демонтаж оборудования, которое не подлежит дальнейшему использованию (предназначено в лом) без разборки и резки ОЗП=0,3; ЭМ=0,3 к расх.; ЗПМ=0,3; МАТ=0 к расх.; ТЗ=0,3; ТЗМ=0,3 | D32: 100 м | E32: 0.4 | F32: 77.16 | G32: 65.53 | H32: 11.63 | I32: 0.05 | J32: 31 | K32: 26 | L32: 5 | N32: 4.89 | O32: 1.96
A33: 6 | B33: ТЕРр67-4-6 прим. | C33: Демонтаж настенного корпуса | D33: 100 шт. | E33: 0.01 | F33: 311.72 | G33: 308.9 | H33: 2.82 | I33: 1.09 | J33: 3 | K33: 3 | N33: 25.72 | O33: 0.26 | P33: 0.07
A34: Раздел 2. Монтажные работы
A35: 7 | B35: ФЕРм08-02-390-01 | C35: Короба пластмассовые: шириной до 40 мм КОЭФ. К ПОЗИЦИИ: Приведение расценок ФЕР к территориальному уровню (Письмо УРЦЦС Ц-297 от 12.04.2011) ОЗП=1,41; ЭМ=1,242; ЗПМ=1,41; МАТ=1,052 | D35: 100 м | E35: 0.4 | F35: 311.4 | G35: 218.44 | H35: 38.75 | I35: 0.17 | J35: 125 | K35: 87 | L35: 16 | N35: 16.29 | O35: 6.52 | P35: 0.01
A36: 8 | B36: Цена поставщика | C36: Кабель-канал 25х16 "ЭЛЕКОР" CKK10-025-016-1-K01 (Ц:25,40руб:1,18:4,42) | D36: м | E36: 40 | F36: 4.87 | J36: 195
A37: 9 | B37: ТЕРм08-02-402-02 | C37: Кабель двух-четырехжильный по установленным конструкциям и лоткам с установкой ответвительных коробок в помещениях сечением жилы до 6 мм2 | D37: 100 м | E37: 0.6 | F37: 1163.28 | G37: 186.83 | H37: 623.47 | I37: 79.7 | J37: 698 | K37: 112 | L37: 374 | M37: 48 | N37: 14.1 | O37: 8.46 | P37: 4.83 | Q37: 2.9
A38: 10 | B38: ТСЦ-501-8191 | C38: Кабель силовой с медными жилами с поливинилхлоридной изоляцией в поливинилхлоридной оболочке без защитного покрова ВВГ, напряжением 0,66 Кв, число жил 3 и сечением 2,5 мм2 | D38: 1000 м | E38: 0.0612 | F38: 10382 | J38: 635
A39: 11 | B39: ТСЦ-509-1311 прим. | C39: Щитки осветительные ЩРН-П-18 | D39: шт. | E39: 1 | F39: 1047.2 | J39: 1047
A40: 12 | B40: ТЕРм08-03-599-10 | C40: Щитки осветительные, устанавливаемые на стене распорными дюбелями, масса щитка до 15 кг | D40: 1 шт. | E40: 1 | F40: 128.26 | G40: 58.25 | H40: 7.85 | I40: 0.36 | J40: 128 | K40: 58 | L40: 8 | N40: 4.17 | O40: 4.17 | P40: 0.02 | Q40: 0.02
A41: 13 | B41: ФССЦ-503-0584 прим. | C41: Коробка распаечная, модульная КОЭФ. К ПОЗИЦИИ: Приведение расценок ФЕР к территориальному уровню (Письмо УРЦЦС Ц-297 от 12.04.2011) ОЗП=1,41; ЭМ=1,242; ЗПМ=1,41; МАТ=1,052 | D41: шт. | E41: 39 | F41: 9.07 | J41: 354
A42: 14 | B42: Цена поставщика | C42: РС10-3-ГБ Розетка одноместная с з/к (в сборе) "ЛЕГАТА" цвет:белый ERG10-K01-16-AC (Ц:50,96руб:1,18:4,42) | D42: шт. | E42: 2 | F42: 9.77 | J42: 20
A43: 15 | B43: Цена поставщика | C43: РС12-3-ГБ Розетка двухместная с з/к (в сборе) "ЛЕГАТА" цвет:белый ERG21-K01-16-AC (Ц:68,63руб:1,18:4,42) | D43: шт. | E43: 4 | F43: 13.16 | J43: 53
A44: 16 | B44: Цена поставщика | C44: РС12-3-ГБ Розетка трехместная с з/к (в сборе) "ЛЕГАТА" цвет:белый ERG21-K01-16-AC (Ц:98,21руб:1,18:4,42) | D44: шт. | E44: 4 | F44: 13.16 | J44: 53
A45: 17 | B45: ТЕРм08-03-591-09 | C45: Розетка штепсельная утопленного типа при скрытой проводке | D45: 100 шт. | E45: 0.1 | F45: 696.25 | G45: 532.26 | H45: 11.69 | I45: 0.73 | J45: 70 | K45: 53 | L45: 1 | N45: 38.1 | O45: 3.81 | P45: 0.04
A46: 18 | B46: Цена поставщика | C46: РС10-3-ГБ Розетка одноместная с з/к (в сборе) "ЛЕГАТА" цвет:белый ERG11-K01-16-Вm (Ц:61,52руб:1,18:4,42) | D46: шт. | E46: 9 | F46: 11.8 | J46: 106
A47: 19 | B47: ТЕРм08-03-591-10 | C47: Розетка штепсельная полугерметическая и герметическая | D47: 100 шт. | E47: 0.09 | F47: 1651.95 | G47: 1063.12 | H47: 76.69 | I47: 2.18 | J47: 149 | K47: 96 | L47: 7 | N47: 76.1 | O47: 6.85 | P47: 0.12 | Q47: 0.01
A48: 20 | B48: Цена поставщика | C48: РВ-3-ГБ Рамка трехместная "ЛЕГАТА" цвет:белый EMG31-K01-B (Ц:26,54руб:1,18:4,42) | D48: шт. | E48: 3 | F48: 5.09 | J48: 15
A49: 21 | B49: Цена поставщика | C49: ВС10-1-0-ГБ Выключатель одноклавишный (в сборе) "ЛЕГАТА" цвет:белый EVG10-K01-10-AC (Ц:52руб:1,18:4,42) | D49: шт. | E49: 6 | F49: 9.97 | J49: 60
A50: 22 | B50: ТЕРм08-03-591-02 | C50: Выключатель одноклавишный утопленного типа при скрытой проводке | D50: 100 шт. | E50: 0.06 | F50: 502.57 | G50: 449.83 | H50: 11.69 | I50: 0.73 | J50: 30 | K50: 27 | L50: 1 | N50: 32.2 | O50: 1.93 | P50: 0.04
A51: 23 | B51: Цена поставщика | C51: ВС10-2-0-ГБ Выключатель двухклавишный (в сборе) "ЛЕГАТА" цвет:белый EVG20-K01-10-AC (Ц:62,41руб:1,18:4,42) | D51: шт. | E51: 4 | F51: 11.97 | J51: 48
A52: 24 | B52: ТЕРм08-03-591-05 | C52: Выключатель двухклавишный утопленного типа при скрытой проводке | D52: 100 шт. | E52: 0.04 | F52: 511.12 | G52: 458.22 | H52: 11.69 | I52: 0.73 | J52: 20 | K52: 18 | N52: 32.8 | O52: 1.31 | P52: 0.04
A53: 25 | B53: Цена поставщика | C53: Светильник PRS/S 236 1059000060 (Ц:2171,99руб:1,18:4,42) | D53: шт. | E53: 6 | F53: 416.44 | J53: 2499
A54: 26 | B54: ТЕРм08-03-594-02 | C54: Светильник отдельно устанавливаемый на штырях с количеством ламп в светильнике 2 | D54: 100 шт. | E54: 0.06 | F54: 6855.13 | G54: 1620.52 | H54: 2228.22 | I54: 710.91 | J54: 411 | K54: 97 | L54: 134 | M54: 43 | N54: 116 | O54: 6.96 | P54: 45.08 | Q54: 2.7
A55: 27 | B55: ФССЦ-509-2395 | C55: Светильники люминесцентные с призматическим рассеивателем потолочные типа PRS/S 436 с ЭМПРА КОЭФ. К ПОЗИЦИИ: Приведение расценок ФЕР к территориальному уровню (Письмо УРЦЦС Ц-297 от 12.04.2011) ОЗП=1,41; ЭМ=1,242; ЗПМ=1,41; МАТ=1,052 | D55: шт. | E55: 6 | F55: 776.77 | J55: 4661
A56: 28 | B56: ТЕРм08-03-594-03 | C56: Светильник отдельно устанавливаемый на штырях с количеством ламп в светильнике до 4 | D56: 100 шт. | E56: 0.06 | F56: 8505.38 | G56: 2360.93 | H56: 3123.25 | I56: 963.82 | J56: 510 | K56: 142 | L56: 187 | M56: 58 | N56: 169 | O56: 10.14 | P56: 61.04 | Q56: 3.66
A57: 29 | B57: ТСЦ-509-0696 | C57: Лампы люминесцентные | D57: 10 шт. | E57: 3.6 | F57: 113.9 | J57: 410
A58: 30 | B58: Цена поставщика | C58: Бактерицидный облучатель ББП01-1х36 (Ц:1255руб:1,18:5,56) | D58: шт | E58: 3 | F58: 191.29 | J58: 574
A59: 31 | B59: ТЕРм08-03-594-01 | C59: Светильник отдельно устанавливаемый на штырях с количеством ламп в светильнике 1 | D59: 100 шт. | E59: 0.03 | F59: 5754.44 | G59: 1229.36 | H59: 1526.51 | I59: 520.21 | J59: 173 | K59: 37 | L59: 46 | M59: 16 | N59: 88 | O59: 2.64 | P59: 33.05 | Q59: 0.99
A60: 32 | B60: ФССЦ-509-2408 прим. | C60: Светильники люминесцентные открытые потолочные типа KRK 136 с ЭПРА КОЭФ. К ПОЗИЦИИ: Приведение расценок ФЕР к территориальному уровню (Письмо УРЦЦС Ц-297 от 12.04.2011) ОЗП=1,41; ЭМ=1,242; ЗПМ=1,41; МАТ=1,052 | D60: шт. | E60: 2 | F60: 268.39 | J60: 537
A61: 33 | B61: ТЕРм08-03-594-01 | C61: Светильник отдельно устанавливаемый на штырях с количеством ламп в светильнике 1 | D61: 100 шт. | E61: 0.02 | F61: 5754.44 | G61: 1229.36 | H61: 1526.51 | I61: 520.21 | J61: 115 | K61: 25 | L61: 31 | M61: 10 | N61: 88 | O61: 1.76 | P61: 33.05 | Q61: 0.66
A62: 34 | B62: ФЕРм08-02-390-01 | C62: Короба пластмассовые: шириной до 40 мм КОЭФ. К ПОЗИЦИИ: Приведение расценок ФЕР к территориальному уровню (Письмо УРЦЦС Ц-297 от 12.04.2011) ОЗП=1,41; ЭМ=1,242; ЗПМ=1,41; МАТ=1,052 | D62: 100 м | E62: 0.1 | F62: 311.4 | G62: 218.44 | H62: 38.75 | I62: 0.17 | J62: 31 | K62: 22 | L62: 4 | N62: 16.29 | O62: 1.63 | P62: 0.01
A63: 35 | B63: Цена поставщика | C63: Кабель-канал 40х25 "ЭЛЕКОР" CKK10-040-025-1-K01-018 (Ц:43,43руб:1,18:4,42) | D63: м | E63: 10 | F63: 8.33 | J63: 83
A64: 36 | B64: Цена поставщика | C64: Поворот 90 гр. КМП 40х25 "ЭЛЕКОР" CKK10D-P-040-025-K01 (Ц:17,70руб:1,18:4,42) | D64: шт | E64: 2 | F64: 3.39 | J64: 7
A65: 37 | B65: Цена поставщика | C65: Соединитель на стык КМС 40х25 "ЭЛЕКОР" CKK10D-S-040-025-K01 (Ц:14,91руб:1,18:4,42) | D65: шт | E65: 5 | F65: 2.86 | J65: 14
A66: 38 | B66: Цена поставщика | C66: Заглушка КМЗ 40х25 "ЭЛЕКОР" CKK10D-Z-040-025-K01 (Ц:14,91руб:1,18:4,42) | D66: шт | E66: 2 | F66: 2.86 | J66: 6
A67: 39 | B67: ТЕРм08-02-402-01 | C67: Кабель двух-четырехжильный по установленным конструкциям и лоткам с установкой ответвительных коробок в помещениях с нормальной средой сечением жилы до 10 мм2 | D67: 100 м | E67: 0.1 | F67: 1131.61 | G67: 202.73 | H67: 704.04 | I67: 87.33 | J67: 113 | K67: 20 | L67: 70 | M67: 9 | N67: 15.3 | O67: 1.53 | P67: 5.28 | Q67: 0.53
A68: 40 | B68: ТСЦ-501-8212 | C68: Кабель силовой с медными жилами с поливинилхлоридной изоляцией в поливинилхлоридной оболочке без защитного покрова ВВГ, напряжением 0,66 Кв, число жил 5 и сечением 6,0 мм2 | D68: 1000 м | E68: 0.01 | F68: 31991 | J68: 320
A69: 41 | B69: ТЕРм08-02-401-01 | C69: Кабель двух-четырехжильный сечением жилы до 16 мм2 с креплением накладными скобами, полосками с установкой ответвительных коробок | D69: 100 м | E69: 2 | F69: 4032.86 | G69: 683.7 | H69: 957.86 | I69: 390.47 | J69: 8066 | K69: 1367 | L69: 1916 | M69: 781 | N69: 51.6 | O69: 103.2 | P69: 24.95 | Q69: 49.9
A70: 42 | B70: ТСЦ-501-8190 | C70: Кабель силовой с медными жилами с поливинилхлоридной изоляцией в поливинилхлоридной оболочке без защитного покрова ВВГ, напряжением 0,66 Кв, число жил 3 и сечением 1,5 мм2 | D70: 1000 м | E70: 0.1173 | F70: 6962.8 | J70: 817
A71: 43 | B71: ТСЦ-501-8191 | C71: Кабель силовой с медными жилами с поливинилхлоридной изоляцией в поливинилхлоридной оболочке без защитного покрова ВВГ, напряжением 0,66 Кв, число жил 3 и сечением 2,5 мм2 | D71: 1000 м | E71: 0.0867 | F71: 10382 | J71: 900
A72: 44 | B72: ТЕР46-03-011-01 | C72: Пробивка в кирпичных стенах борозд площадью сечения до 20 см2 | D72: 100 м борозд | E72: 0.8 | F72: 887.14 | G72: 202.38 | H72: 684.76 | I72: 63.42 | J72: 710 | K72: 162 | L72: 548 | M72: 51 | N72: 15.64 | O72: 12.51 | P72: 4.06 | Q72: 3.25
A73: 45 | B73: ТЕР46-03-009-01 | C73: Пробивка в кирпичных стенах гнезд размером до 130х130 мм | D73: 100 шт. | E73: 0.39 | F73: 2386.22 | G73: 468.56 | H73: 1917.66 | I73: 177.6 | J73: 931 | K73: 183 | L73: 748 | M73: 69 | N73: 36.21 | O73: 14.12 | P73: 11.37 | Q73: 4.43
A74: 46 | B74: ТЕР46-03-017-05 | C74: Заделка отверстий, гнезд и борозд в стенах и перегородках бетонных площадью до 0,1 м2 | D74: 1 м3 заделки | E74: 0.2 | F74: 2078.32 | G74: 857.51 | H74: 44.07 | J74: 416 | K74: 172 | L74: 9 | N74: 75.22 | O74: 15.04
A75: Итого прямые затраты по смете в ценах 2001г. | J75: 26249 | K75: 2812 | L75: 4105 | M75: 1085 | O75: 214.25 | Q75: 69.07
A76: Итого прямые затраты по смете с учетом коэффициентов к итогам | J76: 28376 | K76: 3731 | L76: 5145 | M76: 1483 | O76: 271.25 | Q76: 90.55
A77: В том числе, справочно:
A78: Районный к-т 4,3% (Поз. 44-46, 1-4, 6, 5, 7, 9, 12, 17, 19, 22, 24, 26, 28, 31, 33-34, 39, 41) | J78: 167 | K78: 121 | L78: 47 | M78: 47
A79: Заготовительно-складские расходы на материалы - согласно п.4.64 из МДС 81-35.2004 МАТ=1,02 (Поз. 8, 14-16, 18, 20-21, 23, 25, 27, 30, 35-38) | J79: 168
A80: 2. Производство монтажных работ в существующих зданиях и сооружениях в стесненных условиях ОЗП=1,35; ЭМ=1,35; ЗПМ=1,35; ТЗ=1,35; ТЗМ=1,35 (Поз. 5, 7, 9, 12, 17, 19, 22, 24, 26, 28, 31, 33-34, 39, 41) | J80: 1792 | K80: 798 | L80: 994 | M80: 352 | O80: 57.0045 | Q80: 21.4795
A81: Накладные расходы | J81: 5041
A82: В том числе, справочно:
A83: 85% ФОТ (от 113) (Поз. 1-4, 6) | J83: 96
A84: 95% ФОТ (от 4437) (Поз. 5, 7, 9, 12, 17, 19, 22, 24, 26, 28, 31, 33-34, 39, 41) | J84: 4215
A85: 110% ФОТ (от 664) (Поз. 44-46) | J85: 730
A86: Сметная прибыль | J86: 3422
A87: В том числе, справочно:
A88: 65% ФОТ (от 4550) (Поз. 1-4, 6, 5, 7, 9, 12, 17, 19, 22, 24, 26, 28, 31, 33-34, 39, 41) | J88: 2957
A89: 70% ФОТ (от 664) (Поз. 44-46) | J89: 465
A90: Итоги по смете:
A91: Итого Строительные работы | J91: 3279 | O91: 41.67 | Q91: 7.68
A92: Итого Монтажные работы | J92: 33560 | O92: 229.58 | Q92: 82.87
A93: Итого | J93: 36839 | O93: 271.25 | Q93: 90.55
A94: В том числе:
A95: Материалы | J95: 19500
A96: Машины и механизмы | J96: =5145-M76 -> 3662
A97: ФОТ | J97: 5214
A98: Накладные расходы | J98: 5041
A99: Сметная прибыль | J99: 3422
A100: ВСЕГО по смете | J100: =SUM(J95:J99) -> 36839 | O100: 271.25 | Q100: 90.55
B102: ПРИМЕЧАНИЕ: материал от разборки, пригодный для дальнейшего использования, передается балансодержателю по акту

Sheet 24896
A1: СОГЛАСОВАНО: | E1: ФГУП "Комбинат "Электрохимприбор" | M1: УТВЕРЖДАЮ:
G2: (наименование стройки) | M2: Зам. генерального директора
M3: Е.В.Гордеев
A4: _________________ | M4: _________________
A5: " _____ " ________________ 2013 г. | M5: "______ " __________2013 г.
G6: ЛОКАЛЬНЫЙ СМЕТНЫЙ РАСЧЕТ № 24896
G7: (локальная смета)
C9: на | D9: Реконструкцию силового электрооборудования. Поликлиника ФГУЗ ЦМСЧ №91 ФМБА России.
D10: (частичная перепланировка помещений 2 и 3 этажей). Инв. № 6912852
H11: (наименование работ и затрат, наименование объекта)
D14: Основание: проект № 24610-13-ОВ
D15: Сметная стоимость строительных работ _______________________________________________________________________________________________ | J15: ___________________________2,423 | L15: тыс. руб.
D16: Средства на оплату труда _______________________________________________________________________________________________ | J16: ___________________________0,204 | L16: тыс. руб.
D17: Сметная трудоемкость _______________________________________________________________________________________________ | J17: _______________________________________________________________________________________________16,2 | L17: чел.час
D18: Материалы ______________________________________ | K18: =J54/1000 -> 1.863 | L18: тыс.руб.
D19: Составлен(а) в базовых ценах 2001г. в редакции 2009г.
A21: № пп | B21: Обоснование | C21: Наименование | D21: Ед. изм. | E21: Кол. | F21: Стоимость единицы, руб. | J21: Общая стоимость, руб. | N21: Т/з осн. раб.на ед. | O21: Т/з осн. раб. Всего | P21: Т/з мех. на ед. | Q21: Т/з мех. Всего
F22: Всего | G22: В том числе | J22: Всего | K22: В том числе
G23: Осн.З/п | H23: Эк.Маш | I23: З/пМех | K23: Осн.З/п | L23: Эк.Маш | M23: З/пМех
A24: 1 | B24: 2 | C24: 3 | D24: 4 | E24: 5 | F24: 6 | G24: 7 | H24: 8 | I24: 9 | J24: 10 | K24: 11 | L24: 12 | M24: 13 | N24: 14 | O24: 15 | P24: 16 | Q24: 17
A25: 1 | B25: ТЕРр65-19-1 | C25: Разборка радиаторов весом до 80 кг | D25: 100 шт. | E25: 0.06 | F25: 1310.17 | G25: 1219.9 | H25: 90.27 | I25: 34.99 | J25: 79 | K25: 74 | L25: 5 | M25: 2 | N25: 110 | O25: 6.6 | P25: 2.24 | Q25: 0.13
A26: 2 | B26: ТЕР16-02-001-01 | C26: Прокладка трубопроводов отопления из стальных водогазопроводных неоцинкованных труб диаметром 15 мм | D26: 100 м трубопровода | E26: 0.01 | F26: 3897.38 | G26: 446.74 | H26: 69.04 | I26: 2.73 | J26: 39 | K26: 4 | L26: 1 | N26: 32.97 | O26: 0.33 | P26: 0.15
A27: 3 | B27: ТЕР18-03-001-02 | C27: Установка радиаторов стальных | D27: 100 кВт радиаторов | E27: 0.075 | F27: 1251.44 | G27: 828.53 | H27: 270.15 | I27: 20.22 | J27: 94 | K27: 62 | L27: 20 | M27: 2 | N27: 65.6 | O27: 4.92 | P27: 1.28 | Q27: 0.1
A28: 4 | B28: ТСЦ-301-1225 | C28: Кронштейны для радиаторов стальных спаренных марки КР1-РС | D28: компл. | E28: 6 | F28: 26.58 | J28: 159
A29: 5 | B29: Цена поставщика | C29: Радиаторы, марка «TERMAL-500», количество секций 4 (Ц:1080руб:1.18:5.56) КОЭФ. К ПОЗИЦИИ: Заготовительно-складские расходы на материалы - согласно п.4.64 из МДС 81-35.2004 МАТ=1,02 | D29: шт. | E29: 1 | F29: 167.9 | J29: 168
A30: 6 | B30: Цена поставщика | C30: Радиаторы, марка «TERMAL-500», количество секций 5 (Ц:1350руб:1.18:5.56) КОЭФ. К ПОЗИЦИИ: Заготовительно-складские расходы на материалы - согласно п.4.64 из МДС 81-35.2004 МАТ=1,02 | D30: шт. | E30: 2 | F30: 209.89 | J30: 420
A31: 7 | B31: Цена поставщика | C31: Радиаторы, марка «TERMAL-500», количество секций 6 (Ц:1620руб:1.18:5.56) КОЭФ. К ПОЗИЦИИ: Заготовительно-складские расходы на материалы - согласно п.4.64 из МДС 81-35.2004 МАТ=1,02 | D31: шт. | E31: 1 | F31: 251.86 | J31: 252
A32: 8 | B32: Цена поставщика | C32: Радиаторы, марка «TERMAL-500», количество секций 7 (Ц:1890руб:1.18:5.56) КОЭФ. К ПОЗИЦИИ: Заготовительно-складские расходы на материалы - согласно п.4.64 из МДС 81-35.2004 МАТ=1,02 | D32: шт. | E32: 1 | F32: 293.83 | J32: 294
A33: 9 | B33: Цена поставщика | C33: Радиаторы, марка «TERMAL-500», количество секций 8 (Ц:2160руб:1.18:5.56) КОЭФ. К ПОЗИЦИИ: Заготовительно-складские расходы на материалы - согласно п.4.64 из МДС 81-35.2004 МАТ=1,02 | D33: шт. | E33: 1 | F33: 335.81 | J33: 336
A34: 10 | B34: ТСЦ-302-1230 | C34: Соединения на сгоне стальные: переходы, диаметром до 25 мм | D34: шт. | E34: 10 | F34: 5.65 | J34: 57
A35: 11 | B35: ТСЦ-301-3348 прим. | C35: Заглушки стальные для труб с уплотнительным кольцом | D35: шт. | E35: 10 | F35: 10.8 | J35: 108
A36: 12 | B36: ТЕРр62-32-2 | C36: Окраска масляными составами ранее окрашенных поверхностей труб стальных за 2 раза | D36: 100 м2 | E36: 0.041 | F36: 1496.17 | G36: 918.84 | H36: 1.09 | J36: 61 | K36: 38 | N36: 80.6 | O36: 3.3
A37: Итого прямые затраты по смете в ценах 2001г. | J37: 2067 | K37: 178 | L37: 26 | M37: 4 | O37: 15.15 | Q37: 0.23
A38: Итого прямые затраты по смете с учетом коэффициентов к итогам | J38: 2093 | K38: 200 | L38: 30 | M38: 4 | O38: 16.2 | Q38: 0.25
A39: В том числе, справочно:
A40: Районный к-т 4,3% (Поз. 1-3, 12) | J40: 8 | K40: 8
A41: Условия производства работ ОЗП=1,2; ЭМ=1,2; ЗПМ=1,2; ТЗ=1,2; ТЗМ=1,2 (Поз. 2-3) | J41: 18 | K41: 14 | L41: 4 | O41: 1.05 | Q41: 0.02
A42: Накладные расходы | J42: 199
A43: В том числе, справочно:
A44: 74% ФОТ (от 79) (Поз. 1) | J44: 58
A45: 80% ФОТ (от 40) (Поз. 12) | J45: 32
A46: 128% ФОТ (от 85) (Поз. 2-3) | J46: 109
A47: Сметная прибыль | J47: 131
A48: В том числе, справочно:
A49: 50% ФОТ (от 119) (Поз. 1, 12) | J49: 60
A50: 83% ФОТ (от 85) (Поз. 2-3) | J50: 71
A51: Итоги по смете:
A52: Итого | J52: 2423 | O52: 16.2 | Q52: 0.25
A53: В том числе:
A54: Материалы | J54: 1863
A55: Машины и механизмы | J55: =30-M38 -> 26
A56: ФОТ | J56: 204
A57: Накладные расходы | J57: 199
A58: Сметная прибыль | J58: 131
A59: ВСЕГО по смете | J59: =SUM(J54:J58) -> 2423 | O59: 16.2 | Q59: 0.25
B61: ПРИМЕЧАНИЕ: материал от разборки, пригодный для дальнейшего использования, передается балансодержателю по акту

Sheet НМЦ
A1: г. Лесной ФГУП "Комбинат "Электрохимприбор"
A3: Расчет начальной (максимальной) цены
A5: Выполнение работ по реконструкции заводской поликлиники
A8: Составлен в ценах по состоянию на 01.01.2000 г. с переводом в текущие | D8: руб.
A9: Наименование глав ССР, объектных сметных расчетов, локальных сметных расчетов, видов работ | B9: Сметная стоимость в базисных ценах на 01.01.2000 | C9: Текущая стоимость на момент определения начальной (максимальной) цены | D9: № обосновывающего расчета
A13: 1 | B13: 2 | C13: 3 | D13: 4
A14: Реконструкция автоматической пожарной сигнализации. | B14: ='Сводка затрат'!H14 -> 8658 | C14: =ROUND('Сводка затрат'!D14*5.56,0)+ROUND('Сводка затрат'!E14*5.56,0)+ROUND('Сводка затрат'!F14*4.19,0)+ROUND('Сводка затрат'!G14*9.32,0) -> 52161 | D14: 24836
A15: Реконструкция водопровода и канализации | B15: ='Сводка затрат'!H15 -> 40443 | C15: =ROUND('Сводка затрат'!D15*5.56,0)+ROUND('Сводка затрат'!E15*5.56,0)+ROUND('Сводка затрат'!F15*4.19,0)+ROUND('Сводка затрат'!G15*9.32,0) -> 179805 | D15: 24844
A16: Реконструкция | B16: ='Сводка затрат'!H16 -> 74747 | C16: =ROUND('Сводка затрат'!D16*5.56,0)+ROUND('Сводка затрат'!E16*5.56,0)+ROUND('Сводка затрат'!F16*4.19,0)+ROUND('Сводка затрат'!G16*9.32,0) -> 415593 | D16: 24849
A17: Реконструкция силового электрооборудования | B17: ='Сводка затрат'!H17 -> 36839 | C17: =ROUND('Сводка затрат'!D17*5.56,0)+ROUND('Сводка затрат'!E17*5.56,0)+ROUND('Сводка затрат'!F17*4.19,0)+ROUND('Сводка затрат'!G17*9.32,0) -> 204825 | D17: 24850
A18: Реконструкция силового электрооборудования | B18: ='Сводка затрат'!H18 -> 2423 | C18: =ROUND('Сводка затрат'!D18*5.56,0)+ROUND('Сводка затрат'!E18*5.56,0)+ROUND('Сводка затрат'!F18*4.19,0)+ROUND('Сводка затрат'!G18*9.32,0) -> 13472 | D18: 24896
A19: Итого | B19: =SUM(B14:B18) -> 163110 | C19: =SUM(C14:C18) -> 865856
A21: НДС 18% | C21: =ROUND(C19*18%,2) -> 155854.08
A23: Всего | C23: =SUM(C19:C22) -> 1021710.1
A26: Начальник отдела
A27: капитального строительства | C27: В.В. Моляков
A29: Инженер по проектно-сметной работе | C29: Т.Ш. Ковязина
A32: Согласовано | C32: отдел 028

Sheet Сводка затрат
A1: Приложение №__ к договору от "__"______2013 №_______
A3: г. Лесной. ФГУП "Комбинат "Электрохимприбор"
A5: Сводка затрат
A7: Выполнение работ по реконструкции заводской поликлиники
A10: Составлен в ценах по состоянию на 01.01.2000 г.
A11: № п/п | B11: Номера сметных расчетов и смет | C11: Наименование работ и затрат | D11: Сметная стоимость | H11: Общая сметная стоимость, руб.
D12: строительных работ | E12: монтажных работ | F12: оборудования, мебели, инвентаря | G12: прочих затрат
A13: 1 | B13: 2 | C13: 3 | D13: 4 | E13: 5 | F13: 6 | G13: 7 | H13: 8
A14: 1 | B14: 24836 | C14: Реконструкция автоматической пожарной сигнализации. | D14: 0 | E14: ='24836'!J67 -> 7588 | F14: 0 | G14: ='24836'!J68 -> 1070 | H14: =SUM(D14:G14) -> 8658
A15: 2 | B15: 24844 | C15: Реконструкция водопровода и канализации | D15: ='24844'!K66 -> 7554 | E15: 0 | F15: ='24844'!K67 -> 32889 | G15: 0 | H15: =SUM(D15:G15) -> 40443
A16: 3 | B16: 24849 | C16: Реконструкция | D16: ='24849'!J81 -> 74747 | E16: 0 | F16: 0 | G16: 0 | H16: =SUM(D16:G16) -> 74747
A17: 4 | B17: 24850 | C17: Реконструкция силового электрооборудования | D17: ='24850'!J91 -> 3279 | E17: ='24850'!J92 -> 33560 | F17: 0 | G17: 0 | H17: =SUM(D17:G17) -> 36839
A18: 5 | B18: 24896 | C18: Реконструкция силового электрооборудования | D18: ='24896'!J59 -> 2423 | E18: 0 | F18: 0 | G18: 0 | H18: =SUM(D18:G18) -> 2423
C19: Итого в базисных ценах 2000 г. | D19: =SUM(D14:D18) -> 88003 | E19: =SUM(E14:E18) -> 41148 | F19: =SUM(F14:F18) -> 32889 | G19: =SUM(G14:G18) -> 1070 | H19: =SUM(D19:G19) -> 163110
C20: Всего в ценах 2013 (Ксмр=5,56, Коб.=4,19, Кпнр=9,32) | D20: =ROUND(D19*5.56,0)-1 -> 489296 | E20: =ROUND(E19*5.56,0) -> 228783 | F20: =ROUND(F19*4.19,0) -> 137805 | G20: =ROUND(G19*9.32,0) -> 9972 | H20: =SUM(D20:G20) -> 865856
C21: НДС 18% | D21: =ROUND(D20*18%,2) -> 88073.28 | E21: =ROUND(E20*18%,2) -> 41180.94 | F21: =ROUND(F20*18%,2) -> 24804.9 | G21: =ROUND(G20*18%,2) -> 1794.96 | H21: =SUM(D21:G21) -> 155854.08
C22: Всего в ценах 2013 с НДС | D22: =SUM(D20:D21) -> 577369.28 | E22: =SUM(E20:E21) -> 269963.94 | F22: =SUM(F20:F21) -> 162609.9 | G22: =SUM(G20:G21) -> 11766.96 | H22: =SUM(D22:G22) -> 1021710.1
C26: ЗАКАЗЧИК: | H26: ПОДРЯДЧИК:
C27: Генеральный директор
C28: ФГУП "Комбинат "Электрохимприбор"
C30: __________________ А.В. Новиков
